 Dungeon Crawl Stone Soup version 0.20.0-15-g7f486f2 (webtiles) character file.

199 straycat the Sneak (level 5, -5/41 HPs)
             Began as a Vampire Wanderer on June 25, 2017.
             Slain by a gnoll
             ... wielding a +0 whip
              (8 damage)
             ... on level 3 of the Dungeon.
             The game lasted 00:08:02 (2212 turns).

straycat the Sneak (Vampire Wanderer)               Turns: 2212, Time: 00:08:03

Health: -5/41      AC:  8    Str: 10    XL:     5   Next: 48%
Magic:  5/5        EV: 12    Int: 14    God:
Gold:   135        SH:  0    Dex: 16    Spells: 4/4 levels left

rFire    . . .     SeeInvis +   c - +0 dagger
rCold    + . .     Gourm    .   (no shield)
rNeg     + + .     Faith    .   p - +3 ring mail
rPois    +         Spirit   .   (no helmet)
rElec    .         Reflect  .   (no cloak)
rCorr    .         Harm     .   (no gloves)
MR       .....                  (no boots)
Stlth    ++++......             (no amulet)
Regen    0.1/turn               (no ring)
MPRegen  0.1/turn               (no ring)

@: lethally poisoned (-5 -> -9), regenerating slowly
A: fangs 3, see invisible, unbreathing
a: Bat Form


You were on level 3 of the Dungeon.
You were very thirsty.

You visited 1 branch of the dungeon, and saw 3 of its levels.

You collected 135 gold pieces.

Inventory:

Hand Weapons
 c - a +0 dagger (weapon)
 j - a +0 spear
 l - a +0 hunting sling
 s - a +0 falchion
Missiles
 e - 118 stones (quivered)
 i - 18 sling bullets
 k - a throwing net
 m - 38 arrows
 z - 12 bolts
Armour
 a - a +2 leather armour
 p - a +3 ring mail (worn)
Jewellery
 u - an uncursed ring of fire {unknown}
 y - a +4 ring of strength {unknown}
Scrolls
 f - a scroll of magic mapping {unknown}
 g - 4 scrolls of remove curse {unknown}
 h - a scroll of random uselessness {unknown}
 o - a scroll of amnesia {unknown}
 t - 3 scrolls of teleportation {unknown}
 v - a scroll of enchant armour {unknown}
Potions
 b - 2 potions of lignification
 d - 22 potions of blood
 n - 2 potions of mutation {unknown}
 q - 3 potions of agility {unknown}
 r - 2 potions of heal wounds {unknown}
 w - a potion of magic {unknown}
 x - a potion of berserk rage {unknown}


   Skills:
 * Level 3.1 Fighting
 - Level 2.1(2.3) Short Blades
 - Level 1.0(1.6) Long Blades
 * Level 4.1 Dodging
 + Level 6.0 Stealth
   Level 1.0 Evocations


You had 4 spell levels left.
You didn't know any spells.

Dungeon Overview and Level Annotations

Branches:
Dungeon (3/15)

Altars:
Ashenzari
Nemelex Xobeh


Innate Abilities, Weirdness & Mutations

You heal slowly.
You have razor-sharp teeth.
You have supernaturally acute eyesight. (SInv)
You can survive without breathing.


Message History

* * * LOW HITPOINT WARNING * * *
You feel sick. The gnoll barely misses you.
You hit the gnoll but do no damage.
The gnoll is severely wounded.
The gnoll hits you but does no damage.
You barely miss the gnoll.
The gnoll is severely wounded.
The gnoll hits you but does no damage.
You hit the gnoll. Your bite misses the gnoll.
The gnoll is severely wounded.
The gnoll hits you with a whip.
* * * LOW HITPOINT WARNING * * *
You barely miss the gnoll.
The gnoll is severely wounded.
* * * LOW HITPOINT WARNING * * *
You feel sick. The gnoll hits you but does no damage.
You hit the gnoll but do no damage.
The gnoll is severely wounded.
The gnoll hits you with a whip!
You die...

#..###....#.# #
#.#......##.## #
#.#......#...# #
#.#.....##...##
#
#.#.....#.....#
..#.....#.....#.
###.##..........
#.##..........
#.##@g........
#.............
####..........
#....%.....
#..........
#..........
##'#######
########.#####
#............#


You could see a gnoll.

Vanquished Creatures
  An orc priest (D:3)
  Terence (D:2)
  2 gnolls (D:3)
  4 adders
  2 oozes (D:2)
  3 worms (D:2)
  2 dart slugs
  A leopard gecko (D:1)
  2 orcs (D:3)
  7 giant cockroaches
  8 goblins
  7 hobgoblins
  3 jackals (D:3)
  3 ball pythons
  4 bats
  2 frilled lizards (D:1)
  6 kobolds
  6 rats
64 creatures vanquished.

Notes
Turn   | Place    | Note
-------+----------+-------------------------------------------
     0 | D:1      | straycat the Vampire Wanderer began the quest for the Orb.
     0 | D:1      | straycat set off with: a +2 leather armour, 2 potions of lignification, a +0 dagger, a potion of blood
     0 | D:1      | Reached XP level 1. HP: 15/15 MP: 1/1
   118 | D:1      | Reached XP level 2. HP: 13/21 MP: 2/2
   506 | D:1      | Reached skill level 5 in Stealth
   693 | D:2      | Reached XP level 3. HP: 26/26 MP: 3/3
  1404 | D:2      | Reached XP level 4. HP: 21/33 MP: 4/4
  1569 | D:2      | Found a sparkling altar of Nemelex Xobeh.
  1710 | D:2      | Noticed Terence
  1716 | D:2      | Killed Terence
  1834 | D:3      | Reached XP level 5. HP: 39/39 MP: 5/5
  2048 | D:3      | Reached skill level 6 in Stealth
  2086 | D:3      | Found a shattered altar of Ashenzari.
  2212 | D:3      | Slain by a gnoll

Skill      XL: |  1  2  3  4  5 |
---------------+----------------+-----
Stealth        | 5 6 |  6.0
Dodging        | 3 4 |  4.1
Fighting       | 2 3 |  3.1
Short Blades   | |  2.1
Long Blades    | |  1.0
Evocations     | |  1.0

Action                   |  1- 3 |  4- 6 || total
-------------------------+-------+-------++-------
Melee: Dagger            |   237 |   137 ||   374
       Bite              |    24 |    17 ||    41
  Use: Potion            |     2 |       ||     2
 Stab: Sleeping          |     3 |     9 ||    12
Armor: Leather armour    |    54 |       ||    54
       Ring mail         |     8 |    49 ||    57
Dodge: Dodged            |   129 |    99 ||   228
